 Dungeon Crawl Stone Soup version 0.18.1-48-g4cf74bf (webtiles) character file.

269409 Krapule the Hoplite (level 19, -15/180 HPs)
             Began as a Minotaur Fighter on July 17, 2016.
             Was the Champion of the Shining One.
             Killed from afar by a Brimstone Fiend (43 damage)
             ... with damnation
             ... summoned by a deep elf demonologist
             ... on level 2 of the Elven Halls on July 18, 2016.
             The game lasted 04:05:22 (49736 turns).

Krapule the Hoplite (Minotaur Fighter)             Turns: 49736, Time: 04:05:23

Health: -15/180    AC: 25    Str: 20    XL:     19   Next: 40%
Magic:  29/29      EV: 16    Int: 13    God:    the Shining One [******]
Gold:   2897       SH: 17    Dex: 13    Spells: 0 memorised, 28 levels left

rFire  + . .     SeeInvis .     a - +6 long sword (holy)
rCold  . . .     Gourm    .     e - +4 scale mail of Omission {rN++}
rNeg   + + +     Faith    .     c - +1 shield
rPois  +         Spirit   .     N - +0 hat of the Slorg {rCorr Int+2}
rElec  .         Dismiss  .     L - +1 cloak {+Inv}
rCorr  +         Reflect  .     i - +2 pair of gloves
SustAt .         Harm     .     k - +2 pair of boots
MR     +....                    q - amulet of regeneration
Stlth  ..........               u - ring of poison resistance
                                h - ring of protection from fire

@: glowing, somewhat resistant to hostile enchantments, extremely unstealthy
A: retaliatory headbutt, horns 2
a: Divine Shield, Cleansing Flame, Summon Divine Warrior, Brand Weapon With Holy
Wrath, Renounce Religion, Evoke Invisibility
}: 2/15 runes: decaying, gossamer


You were on level 2 of the Elven Halls.
You worshipped the Shining One.
The Shining One was exalted by your worship.
You were hungry.

You visited 6 branches of the dungeon, and saw 35 of its levels.

You collected 4272 gold pieces.
You spent 1375 gold pieces at shops.

Inventory:

Hand Weapons
 a - a +6 long sword of holy wrath (weapon)
 b - the +7 falchion of Resourcefulness {flame, rElec rC+}
   (You found it on level 11 of the Dungeon)

   It has been specially enchanted to burn those struck by it, causing extra
   injury to most foes and up to half again as much damage against particularly
   susceptible opponents.
   Big, fiery blades are also staple armaments of hydra-hunters.
   It protects you from cold.
   It insulates you from electricity.
 G - the +10 rapier "Soypynybb" {freeze, rF++ Int+7, unknown}
   (You found it on level 1 of the Elven Halls)

   It has been specially enchanted to freeze those struck by it, causing extra
   injury to most foes and up to half again as much damage against particularly
   susceptible opponents.
   It can also slow down cold-blooded creatures.
   It affects your intelligence (+7).
   It greatly protects you from fire.
Armour
 c - a +1 shield (worn)
 e - the +4 scale mail of Omission (worn) {rN++}
   (You bought it in a shop on level 1 of the Orcish Mines)

   It greatly protects you from negative energy.
 i - a +2 pair of gloves (worn)
 k - a +2 pair of boots (worn)
 L - a +1 cloak of invisibility (worn)
 N - the +0 hat of the Slorg (worn) {rCorr Int+2}
   (You acquired it on level 1 of the Elven Halls)

   It affects your intelligence (+2).
   It protects you from acid and corrosion.
Jewellery
 h - a ring of protection from fire (left hand)
 q - an amulet of regeneration (around neck)
 r - an uncursed amulet of the gourmand
 u - a ring of poison resistance (right hand)
 y - an uncursed ring of protection from fire
 A - an uncursed ring of protection from magic
 M - an uncursed amulet of rage
 Q - an uncursed ring of ice
Wands
 j - a wand of paralysis (10/24)
 n - a wand of lightning (8/15)
 s - a wand of acid (8/15)
 t - a wand of lightning (8/15)
 w - a wand of iceblast (10/15)
 T - a wand of digging (13/24)
 W - a wand of enslavement (15/24)
Scrolls
 d - 4 scrolls of blinking
 m - 8 scrolls of identify
 z - 2 scrolls of magic mapping
 B - a scroll of holy word
 F - 3 scrolls of fog
 K - 2 scrolls of teleportation
 P - a scroll of silence
 S - 14 scrolls of remove curse
 Y - a scroll of recharging
 Z - 2 scrolls of fear
Potions
 g - 3 potions of berserk rage
 l - 3 potions of haste
 o - 5 potions of curing
 p - 2 potions of resistance
 x - 2 potions of might
 D - 5 potions of ambrosia
 E - a potion of lignification
 H - 2 potions of cancellation
 I - 8 potions of flight
 O - 9 potions of heal wounds
 U - 2 potions of agility
Books
 C - a book of Ice

   Spells                             Type                      Level
   a - Ice Form                       Ice/Transmutation            4
   b - Metabolic Englaciation         Hexes/Ice                    5
   c - Ozocubu's Refrigeration        Ice                          6
   d - Bolt of Cold                   Conjuration/Ice              6
   e - Freezing Cloud                 Conjuration/Ice/Air          6
   f - Simulacrum                     Ice/Necromancy               6
 R - a book of Annihilations

   Spells                             Type                      Level
   a - Poison Arrow                   Conjuration/Poison           6
   b - Chain Lightning                Conjuration/Air              8
   c - Lehudib's Crystal Spear        Conjuration/Earth            8
   d - Glaciate                       Conjuration/Ice              9
   e - Fire Storm                     Conjuration/Fire             9
Miscellaneous
 J - a crystal ball of energy
Comestibles
 f - 20 bread rations
 v - 8 fruits
 V - 2 royal jellies


   Skills:
 + Level 18.4 Fighting
 - Level 8.0 Long Blades
 + Level 18.5 Armour
 - Level 12.0 Dodging
 - Level 21.0 Shields
 - Level 5.0 Spellcasting
 + Level 15.5 Invocations
 + Level 4.0 Evocations


You had 28 spell levels left.
You didn't know any spells.

Dungeon Overview and Level Annotations

Branches:
Dungeon (15/15)            Temple (0/1) D:5            Lair (8/8) D:8
  Swamp (4/4) Lair:5       Spider (4/4) Lair:3        Slime (0/6) Lair:8
    Orc (2/2) D:9             Elf (2/3) Orc:2        Vaults (0/5) D:13
 Depths (0/5) D:15

Altars:
Cheibriados
Dithmenos
Fedhas
Gozag
Kikubaaqudgha
Nemelex Xobeh
Okawaru
Qazlal
Trog
Zin
The Shining One

Shops:
D:11 ****!   Orc:1 *   Orc:2 ((*(   Elf:2 }

Annotations:
D:11 exclusion: ice statue
Lair:8 exclusion: oklob plant
Swamp:3 Mara
Elf:2 3 runed doors


Innate Abilities, Weirdness & Mutations

You reflexively headbutt those who attack you in melee.
You have a pair of horns on your head.


Message History

The deep elf knight wields a shortbow.
The deep elf knight shoots an arrow.
You block the arrow.
The deep elf knight shoots an arrow.
You block the arrow.
The dire flail of protection barely misses you.
A deep elf mage comes into view. It is wielding a long sword.
You see here 2 arrows.
The deep elf mage shouts!
You block the deep elf knight's attack.
The deep elf knight shoots an arrow.
The arrow hits you.
* * * LOW HITPOINT WARNING * * *
The deep elf mage casts a spell.
The deep elf mage blinks!
The dire flail of protection hits you but does no damage.
The deep elf knight casts a spell.
The deep elf knight flickers and vanishes for a moment.
Your surroundings suddenly seem different.
The Brimstone Fiend roars!
There is an open door here.
The Brimstone Fiend gestures at you.
The damnation unfurls!
The damnation engulfs you!
You die...

+###........##...........##..#
##......######'######'###>.#
#.....### #.# #.# #..#
##...### ######.######.###..#
#..###
...........(()()....#### ####
........######.(((......
##.####.# ####...)... # #.#
##.##### #@# #.# ##'###### #.#
## ##.......# #!# #.
#.3......# #.# #.
...............# ##.####.
#..................####.....'.
+.......1..........+........'.
..................####..####.
.......#........## #..# ##


You could see a Brimstone Fiend and a soul eater.

Vanquished Creatures
  Asterion (Spider:2)
  The ghost of tyranidshit the Warrior, an adept MiBe of Trog (Spider:4)
  Frances (Spider:2)
  Agnes (Spider:2)
  An azure jelly (Swamp:4)
  A deep elf sorcerer (Elf:1)
  3 emperor scorpions (Spider:4)
  5 ghost moths
  A large abomination (Elf:1)
  A deep elf demonologist (Elf:1)
  2 spark wasps
  The ghost of tyranidshit the Warrior, a journeyman MiBe of Trog (Lair:5)
  A deep elf annihilator (Elf:2)
  An ettin (Orc:1)
  A deep elf death mage (Elf:1)
  2 vault guards (D:13)
  A fire dragon (D:15)
  A yaktaur captain (D:13)
  4 entropy weavers
  15 hydras
  2 ice dragons (Swamp:4)
  A ghost crab (Swamp:4)
  Erica (D:8)
  An anaconda (Lair:8)
  5 centaur warriors
  11 dancing weapons
  5 alligators
  A queen ant (shapeshifter) (D:12)
  A tengu warrior (D:15)
  Urug (D:11)
  9 death yaks
  5 orc high priests
  A hell knight (D:12)
  10 deep elf knights
  10 skeletal warriors
  2 unseen horrors
  10 deep elf archers
  2 shambling mangroves (Swamp:2)
  4 swamp dragons
  A flayed ghost (D:15)
  6 orc knights
  9 hill giants
  A phantasmal warrior (D:12)
  26 wolf spiders
  3 wizards
  A necromancer (D:15)
  13 hornets
  17 ugly things
  2 manticores
  5 orc sorcerers
  19 deep elf magi
  3 cyclopes
  A tengu skeleton (D:15)
  18 orb spiders
  21 elephants
  2 griffons (Lair:8)
  4 moths of wrath
  Maurice (D:11)
  An iron dragon skeleton (D:15)
  7 black mambas
  A storm dragon simulacrum (D:15)
  2 torpor snails
  18 spiny frogs
  A kobold demonologist (D:10)
  A gargoyle (D:12)
  4 freezing wraiths (Swamp:4)
  A yaktaur (shapeshifter) (D:14)
  13 demonic crawlers
  A yaktaur zombie (D:15)
  3 rime drakes
  10 komodo dragons
  A spriggan skeleton (D:15)
  2 polar bears
  A tengu conjurer (D:15)
  8 trolls
  23 jumping spiders
  8 bog bodies
  7 giant leeches
  21 slime creatures
  28 blink frogs
  72 redbacks
  28 tarantellas
  An air elemental (Elf:2)
  6 spriggans
  A wraith (D:14)
  2 shadows
  A vampire (D:13)
  4 water elementals
  41 yaks
  2 wyverns
  3 basilisks
  A fire elemental (Elf:2)
  21 humans (D:13)
  12 hippogriffs
  A hungry ghost (D:8)
  A steam dragon (D:9)
  29 vampire mosquitoes
  6 swamp worm simulacra (Swamp:4)
  5 wargs
  A mottled dragon (D:13)
  17 water moccasins
  15 swamp worms
  26 insubstantial wisps
  12 hydra simulacra (Swamp:4)
  10 porcupines
  Duvessa (D:4)
  13 wasps
  4 sky beasts
  28 orc warriors
  7 ice beasts
  3 black bears
  13 swamp drakes
  3 phantoms
  10 wolves
  19 centaurs
  2 eyes of draining
  14 ogres
  11 crocodiles
  2 big kobolds
  An earth elemental (Elf:1)
  25 giant frogs
  A gnoll sergeant (Elf:1)
  Dowan (D:4)
  4 wyvern skeletons
  5 scorpions
  A water moccasin zombie (D:5)
  29 killer bees
  10 wights
  4 howler monkeys
  A wasp zombie (D:9)
  2 centaur zombies
  4 crimson imps
  A giant frog zombie (D:12)
  3 hounds
  A quasit (D:8)
  2 jellies
  A wyvern simulacrum (D:15)
  24 orc priests
  4 centaur skeletons
  21 orc wizards
  3 giant frog skeletons
  Terence (D:2)
  11 iguanas
  19 worker ants
  14 sheep
  A hound zombie (D:7)
  A worker ant zombie (D:9)
  11 adders
  2 gnolls (D:2)
  63 river rats
  3 shadow imps
  An ooze (D:5)
  2 swamp drake simulacra (Swamp:4)
  5 worms
  2 dart slugs
  4 giant geckos
  95 orcs
  10 giant cockroaches
  6 goblins
  2 hobgoblins
  9 jackals
  4 quokkas
  2 ball pythons
  18 bats
  A giant gecko skeleton (D:4)
  3 giant newts
  20 kobolds
  A quokka skeleton (D:4)
  15 rats
  3 plants (Lair:8)
1367 creatures vanquished.

Vanquished Creatures (collateral kills)
  Jorgrun (Spider:2)
  A thorn hunter (Swamp:3)
  An emperor scorpion (Spider:4)
  4 dire elephants (Lair:8)
  2 dancing weapons
  3 death yaks (Lair:8)
  An alligator (Swamp:3)
  4 deep elf knights
  2 shambling mangroves (Swamp:3)
  2 deep elf archers
  An orc knight (Orc:2)
  3 orb spiders (Spider:4)
  2 wolf spiders (Spider:4)
  7 deep elf magi
  An orc sorcerer (Orc:2)
  4 elephants (Lair:8)
  A demonic crawler (Spider:4)
  A komodo dragon (Lair:8)
  4 jumping spiders (Spider:4)
  A bog body (Swamp:3)
  6 tarantellas (Spider:4)
  A spriggan (Swamp:3)
  5 redbacks (Spider:4)
  A hippogriff (Lair:8)
  2 orc warriors (Orc:2)
  4 wasps
  A wight (D:10)
  2 orc priests (Orc:2)
68 creatures vanquished.

Vanquished Creatures (others)
  An azure jelly (Swamp:4)
  2 deep elf high priests (Elf:1)
  An alligator (Swamp:4)
  A spriggan druid (Swamp:4)
  An orb spider (Spider:3)
  A wolf spider (Spider:4)
  A black mamba (Lair:8)
  2 jumping spiders (Spider:3)
  A slime creature (Swamp:4)
  3 vampire mosquitoes (Swamp:4)
  2 swamp worms (Swamp:4)
  A wasp (Swamp:4)
  49 fungi
  43 plants
  A withered plant (D:15)
110 creatures vanquished.

Grand Total: 1545 creatures vanquished

Notes
Turn   | Place    | Note
--------------------------------------------------------------
     0 | D:1      | Krapule the Minotaur Fighter began the quest for the Orb.
     0 | D:1      | Reached XP level 1. HP: 19/19 MP: 0/0
   217 | D:1      | Reached XP level 2. HP: 21/27 MP: 1/1
   297 | D:1      | Reached skill level 1 in Dodging
   493 | D:2      | Noticed Terence
   512 | D:2      | Killed Terence
   512 | D:2      | Reached XP level 3. HP: 33/33 MP: 2/2
   798 | D:2      | Reached skill level 4 in Shields
   811 | D:2      | Reached XP level 4. HP: 39/40 MP: 3/3
   878 | D:2      | Found a stormy altar of Qazlal.
   881 | D:2      | Found a glowing golden altar of the Shining One.
   882 | D:2      | Found a sparkling altar of Nemelex Xobeh.
   887 | D:2      | Became a worshipper of the Shining One
   895 | D:2      | Found an iron altar of Okawaru.
  1237 | D:3      | Reached XP level 5. HP: 34/46 MP: 4/4
  1695 | D:3      | Reached skill level 1 in Invocations
  2376 | D:4      | Noticed Duvessa
  2377 | D:4      | Noticed Dowan
  2399 | D:4      | Killed Duvessa
  2399 | D:4      | Reached XP level 6. HP: 28/53 MP: 4/6
  2411 | D:4      | Killed Dowan
  2557 | D:4      | Reached skill level 5 in Armour
  2557 | D:4      | Reached skill level 5 in Shields
  2666 | D:4      | Reached XP level 7. HP: 53/60 MP: 7/7
  3001 | D:4      | Reached skill level 5 in Long Blades
  3150 | D:5      | Entered Level 5 of the Dungeon
  3161 | D:4      | Reached * piety under the Shining One
  3185 | D:5      | Found a staircase to the Ecumenical Temple.
  3265 | D:5      | Reached skill level 5 in Fighting
  4171 | D:6      | Reached XP level 8. HP: 69/69 MP: 9/9
  4337 | D:6      | Reached skill level 6 in Shields
  4786 | D:6      | Found an opulent altar of Gozag.
  4787 | D:6      | Found a blossoming altar of Fedhas.
  4857 | D:6      | Found a bloodstained altar of Trog.
  4918 | D:6      | Reached skill level 5 in Dodging
  5275 | D:6      | Reached skill level 7 in Shields
  5755 | D:7      | Reached ** piety under the Shining One
  5781 | D:7      | Reached XP level 9. HP: 78/78 MP: 11/11
  6158 | D:7      | Reached skill level 5 in Invocations
  7004 | D:8      | Reached skill level 8 in Shields
  7140 | D:8      | Noticed Erica
  7173 | D:8      | Killed Erica
  7173 | D:8      | Reached XP level 10. HP: 22/88 MP: 13/13
  7271 | D:8      | Found a staircase to the Lair.
  7496 | D:8      | Identified a scroll of acquirement
  7506 | D:8      | Got a transparent bardiche
  7617 | D:9      | Found a staircase to the Orcish Mines.
  8064 | D:8      | Reached *** piety under the Shining One
  8064 | D:8      | Reached skill level 9 in Shields
  9177 | D:10     | Entered Level 10 of the Dungeon
  9684 | D:10     | Reached XP level 11. HP: 79/99 MP: 15/15
  9863 | D:10     | Reached **** piety under the Shining One
  9965 | D:11     | Found Geonkata's General Store.
  9968 | D:11     | Noticed a purple ugly thing
  9988 | D:11     | Killed a purple ugly thing
 10032 | D:11     | Reached skill level 10 in Armour
 10043 | D:11     | Reached skill level 10 in Fighting
 10263 | D:11     | Noticed a hill giant
 10280 | D:11     | Found Ycwy Ewo's Assorted Antiques.
 10282 | D:11     | Noticed an unseen horror
 10320 | D:10     | Reached skill level 10 in Shields
 10526 | D:11     | Found Geocanug's General Store.
 10542 | D:11     | Found Epir's General Store.
 10580 | D:11     | Noticed Maurice
 10794 | D:11     | Got a faintly glowing falchion
 10795 | D:11     | Identified the +7 falchion of Resourcefulness {flame, rElec rC+} (You found it on level 11 of the Dungeon)
 11006 | D:11     | Killed a hill giant
 11009 | D:11     | Noticed Urug
 11225 | D:11     | Found Feylem's Distillery.
 11238 | D:11     | Killed an unseen horror
 11289 | D:11     | Killed Maurice
 11347 | D:11     | Bought a potion of heal wounds for 60 gold pieces
 11420 | D:11     | Bought a scroll labeled WOEJOYNKISS for 28 gold pieces
 11420 | D:11     | Bought a potion of heal wounds for 140 gold pieces
 11715 | Lair:1   | Entered Level 1 of the Lair of Beasts
 12394 | Lair:1   | Noticed a five-headed hydra
 12402 | Lair:1   | Killed a one-headed hydra
 12639 | Lair:1   | Reached XP level 12. HP: 90/108 MP: 17/17
 13168 | Lair:2   | Reached skill level 11 in Shields
 13560 | Lair:2   | Reached skill level 10 in Dodging
 14197 | Lair:3   | Reached ***** piety under the Shining One
 14395 | Lair:3   | Noticed a six-headed hydra
 14400 | Lair:3   | Killed a two-headed hydra
 14406 | Lair:3   | Noticed a six-headed hydra
 14533 | Lair:3   | Killed a one-headed hydra
 14853 | Lair:3   | Found a hole to the Spider Nest.
 15537 | Lair:3   | Found a snail-covered altar of Cheibriados.
 15964 | Lair:4   | Reached skill level 12 in Shields
 16355 | Lair:4   | Noticed a six-headed hydra
 16362 | Lair:4   | Killed a three-headed hydra
 16362 | Lair:4   | Reached skill level 10 in Invocations
 16362 | Lair:4   | Reached XP level 13. HP: 113/118 MP: 19/19
 17733 | Lair:5   | Found a staircase to the Swamp.
 18031 | Lair:5   | Noticed tyranidshit's ghost (journeyman MiBe)
 19921 | Lair:6   | Reached skill level 13 in Shields
 21140 | Lair:8   | Entered Level 8 of the Lair of Beasts
 21420 | Lair:8   | Reached XP level 14. HP: 106/129 MP: 21/21
 22173 | Lair:8   | Found a staircase to the Slime Pits.
 22940 | Lair:8   | HP: 5/132 [dire elephant (18)]
 22942 | Lair:8   | Reached skill level 14 in Shields
 23775 | Lair:1   | Reached skill level 17 in Shields
 23775 | Lair:1   | Reached XP level 15. HP: 133/138 MP: 22/22
 23833 | Orc:1    | Entered Level 1 of the Orcish Mines
 24733 | Orc:1    | Reached skill level 18 in Shields
 24852 | Orc:1    | Found Fudyaki's Assorted Antiques.
 24890 | Orc:1    | Bought a shimmering scale mail for 225 gold pieces
 24900 | Orc:1    | Identified the +4 scale mail of Omission {rN++} (You bought it in a shop on level 1 of the Orcish Mines)
 25697 | Orc:2    | Entered Level 2 of the Orcish Mines
 25775 | Orc:2    | Found a staircase to the Elven Halls.
 26377 | Orc:1    | Reached skill level 19 in Shields
 26694 | Orc:1    | Paralysed by an orc sorcerer for 6 turns
 26962 | Orc:2    | Paralysed by an orc sorcerer for 5 turns
 27183 | Orc:2    | Found Fifeack's Antique Weapon Boutique.
 27183 | Orc:2    | Found Kiqat's Assorted Antiques.
 27184 | Orc:2    | Found Coyrhom's Weapon Emporium.
 27198 | Orc:2    | Found Urusorag's Antique Weapon Emporium.
 27214 | Orc:2    | Bought a metallic ruby potion for 22 gold pieces
 27214 | Orc:2    | Bought a crooked lead wand for 100 gold pieces
 27214 | Orc:2    | Bought a potion of heal wounds for 125 gold pieces
 27214 | Orc:2    | Bought a worn iron wand for 100 gold pieces
 27214 | Orc:2    | Bought a glowing plate armour for 575 gold pieces
 27354 | D:11     | Killed Urug
 27371 | D:12     | Reached skill level 20 in Shields
 27877 | D:12     | Found a runed door.
 28353 | D:12     | Noticed a ghost moth
 28353 | D:12     | an emperor scorpion changed into a ghost moth
 28359 | D:12     | a ghost moth changed into a queen ant
 28838 | D:13     | Reached XP level 16. HP: 138/146 MP: 23/23
 29427 | D:13     | Found a runed door.
 29489 | D:13     | Found a gate to the Vaults.
 30228 | D:14     | Reached ****** piety under the Shining One
 30600 | D:14     | Found a shadowy altar of Dithmenos.
 31060 | D:15     | Entered Level 15 of the Dungeon
 31060 | D:15     | Found an ancient bone altar of Kikubaaqudgha.
 31140 | D:15     | Found a staircase to the Depths.
 31291 | D:15     | Reached skill level 15 in Armour
 31764 | D:15     | Found a glowing silver altar of Zin.
 32143 | D:15     | Reached skill level 15 in Fighting
 33393 | Lair:5   | Killed tyranidshit's ghost
 33963 | Swamp:1  | Entered Level 1 of the Swamp
 34484 | Swamp:1  | Reached XP level 17. HP: 147/156 MP: 25/25
 34783 | Swamp:1  | You fall through a shaft!
 36199 | Swamp:1  | Reached skill level 21 in Shields
 36507 | Swamp:3  | Reached skill level 1 in Spellcasting
 36623 | Swamp:3  | Noticed Mara
 36630 | Swamp:3  | Noticed Krapule's illusion
 37134 | Swamp:4  | Entered Level 4 of the Swamp
 38486 | Swamp:4  | Got a decaying rune of Zot
 39037 | Spider:1 | Entered Level 1 of the Spider Nest
 41022 | Spider:2 | Noticed Jorgrun
 41037 | Spider:2 | Killed Jorgrun
 41142 | Spider:2 | Noticed Asterion
 41163 | Spider:2 | Killed Asterion
 41239 | Spider:2 | Noticed Frances
 41264 | Spider:2 | Killed Frances
 41264 | Spider:2 | Reached XP level 18. HP: 168/168 MP: 27/27
 41502 | Spider:2 | Noticed Agnes
 41516 | Spider:2 | Killed Agnes
 42404 | Spider:3 | Identified the Catalogue of Ice and Calling (You found it on level 3 of the Spider Nest)
 43607 | Spider:4 | Entered Level 4 of the Spider Nest
 43607 | Spider:4 | Noticed tyranidshit's ghost (adept MiBe)
 43727 | Spider:4 | Killed tyranidshit's ghost
 44792 | Spider:4 | Reached skill level 5 in Spellcasting
 46492 | Spider:3 | Reached skill level 15 in Invocations
 46832 | Spider:4 | Got a gossamer rune of Zot
 47255 | Elf:1    | Entered Level 1 of the Elven Halls
 47260 | Elf:1    | Got a brightly glowing rapier
 47412 | Elf:1    | Reached skill level 1 in Evocations
 47626 | Elf:1    | Reached XP level 19. HP: 179/179 MP: 29/29
 48951 | Elf:1    | Got a smoking hat
 48957 | Elf:1    | Identified the +0 hat of the Slorg {rCorr Int+2} (You acquired it on level 1 of the Elven Halls)
 49005 | Elf:2    | Found Pocyb's Gadget Emporium.
 49083 | Elf:2    | Found a runed gate.
 49083 | Elf:2    | Found a runed gate.
 49096 | Elf:2    | Found a runed gate.
 49715 | Elf:2    | Noticed a Brimstone Fiend
 49736 | Elf:2    | Killed from afar by a Brimstone Fiend

Skill      XL: |  1  2  3  4  5  6  7  8  9 10 11 12 13 14 15 16 17 18 19 |
---------------+----------------------------------------------------------+-----
Dodging        | 1 2 3 4 5 6 8 9 10 11 12 | 12.0
Armour         | 4 5 7 8 9 11 12 13 14 15 16 18 | 18.5
Long Blades    | 3 4 5 8 |  8.0
Shields        | 4 5 7 8 9 10 12 13 17 20 21 | 21.0
Fighting       | 4 5 6 8 9 10 12 13 14 15 16 17 18 | 18.4
Invocations    | 1 2 3 4 6 7 8 10 11 12 13 15 | 15.5
Spellcasting   | 3 5 |  5.0
Evocations     | 1 4 |  4.0

Action                   |  1- 3 |  4- 6 |  7- 9 | 10-12 | 13-15 | 16-18 | 19-21 || total
-------------------------+-------+-------+-------+-------+-------+-------+-------++-------
Melee: Long sword        |    79 |   153 |   426 |       |       |       |   150 ||   808
       Headbutt          |     8 |    29 |    55 |   191 |   320 |   731 |    78 ||  1412
       Falchion          |       |       |    35 |  1083 |  1300 |  3163 |   246 ||  5827
Invok: Divine Shield     |       |       |       |     2 |     2 |    10 |     1 ||    15
       Summon Divine War |       |       |       |       |     5 |     8 |     1 ||    14
       Cleansing Flame   |       |       |       |       |       |     4 |       ||     4
Evoke: Wand              |       |       |       |    12 |     7 |     7 |       ||    26
  Use: Scroll            |       |     4 |     8 |     7 |     9 |    10 |     5 ||    43
       Potion            |       |       |     7 |     3 |     2 |    10 |     2 ||    24
 Stab: Confused          |       |       |       |       |       |     1 |       ||     1
  Eat: Chunk             |       |     6 |    12 |    32 |    36 |    54 |     6 ||   146
       Fruit             |       |       |     3 |       |     6 |    19 |       ||    28
       Beef jerky        |       |       |     1 |     1 |     1 |       |     1 ||     4
Armor: Scale mail        |    35 |    54 |   203 |   321 |   300 |   997 |    86 ||  1996
       Skin              |       |       |     5 |       |       |       |       ||     5
       Plate armour      |       |       |       |       |    67 |   247 |       ||   314
Dodge: Dodged            |    24 |    46 |   236 |   457 |   491 |  1479 |   111 ||  2844
Block: Shield            |    32 |    73 |   367 |   814 |   909 |  2807 |   270 ||  5272
